AoeStats
← 0800goon

Black Forest

510254672Analyzed
3v3 RM · 2d ago on Sep 30, 2026· 56m 32s· 6 players
Game mode
Random Map
Map size
Normal (6 player)
Population
200
Speed
Normal
Resources
Standard
Victory
Conquest
Starting age
Dark Age
Ending age
Imperial Age
RankedLock teamsTeams togetherTeam positionsShared explorationLock speedFull tech treeHidden civsTurbo modeCheats
Victory
Defeat
🇺🇾 Saxons · Uruguay
801
+16
🇦🇷 Varangians · Argentina
795
+17
🇨🇳 Poles · China
760
+18
🇺🇸 Danes · United States
940
-72
🇺🇸 Chinese · United States
807
-44
🇺🇸 Varangians · United States
679
-20
0800goon
0:38 Loom
15:53 Feudal Age
17:27 Wheelbarrow
17:21 Double-Bit Axe
17:37 Gold Mining
17:37 Stone Mining
18:25 Horse Collar
25:40 Castle Age
27:35 Town Watch
28:59 Bow Saw
29:02 Heavy Plow
33:43 Caravan
37:24 Imperial Age
36:57 Padded Archer Armor
36:48 Fletching
37:08 Forging
36:59 Scale Mail Armor
38:03 Hand Cart
37:55 Town Patrol
38:27 Fortified Wall
38:39 Ballistics
38:16 Murder Holes
38:13 Capped Ram
40:56 Bodkin Arrow
41:16 Leather Archer Armor
41:17 Chain Mail Armor
41:38 Iron Casting
42:01 Bracer
42:31 Plate Mail Armor
42:08 Arson
42:24 Squires
42:10 Gambesons
41:46 Pikeman
42:56 Conscription
44:38 Chemistry
45:36 Two-Man Saw
46:40 Scale Barding Armor
47:36 Blast Furnace
46:45 Halberdier
47:39 Cranequins
49:59 Siege Ram
52:00 Heavy Mounted Crossbowman
55:51 Elite Varangian Guard
ezecayaffa1998
2:03 Loom
12:43 Feudal Age
14:40 Town Watch
17:25 Castle Age
20:47 Horse Collar
21:47 Double-Bit Axe
23:46 Arson
23:47 Gambesons
28:32 Forging
31:04 Wheelbarrow
32:08 Iron Casting
31:34 Scale Mail Armor
32:31 Hand Cart
33:16 Squires
35:13 Town Patrol
36:15 Treadmill Crane
36:31 Murder Holes
36:56 Ballistics
36:27 Heated Shot
41:25 Imperial Age
38:57 Stone Mining
39:00 Gold Mining
39:12 Heavy Plow
39:04 Pikeman
40:58 Gold Shaft Mining
40:50 Masonry
40:51 Clerical Recruitment
41:52 Bow Saw
42:32 Conscription
41:34 Shield Wall
42:49 Chain Mail Armor
42:14 Halberdier
43:13 Elite Varangian Guard
45:20 Two-Man Saw
45:03 Crop Rotation
44:21 Elite Hearth Troop
48:12 Plate Mail Armor
49:55 Siege Engineers
49:36 Arrowslits
50:52 Chemistry
2769166824
1:03 Loom
11:08 Feudal Age
17:09 Castle Age
24:32 Horse Collar
25:03 Double-Bit Axe
27:29 Wheelbarrow
28:30 Heavy Plow
28:44 Bow Saw
31:22 Imperial Age
29:19 Hand Cart
30:15 Gold Mining
30:16 Stone Mining
30:39 Forging
30:30 Scale Mail Armor
30:36 Scale Barding Armor
31:25 Man-at-Arms
32:24 Masonry
31:55 Treadmill Crane
32:26 Szlachta Privileges
33:39 Chemistry
32:40 Long Swordsman
34:39 Stone Shaft Mining
34:55 Crop Rotation
34:22 Capped Ram
34:36 Two-Handed Swordsman
35:54 Iron Casting
35:35 Chain Mail Armor
35:40 Chain Barding Armor
35:20 Siege Ram
35:29 Champion
36:16 Town Watch
39:27 Blast Furnace
38:57 Plate Mail Armor
40:42 Conscription
41:00 Hoardings
47:00 Elite Skirmisher
47:56 Husbandry
47:20 Cavalier
50:35 Padded Archer Armor
50:25 Fletching
50:59 Ballistics
50:45 Siege Engineers
50:35 Murder Holes
51:48 Fortified Wall
51:57 Leather Archer Armor
52:00 Squires
51:45 Arson
51:21 Pikeman
52:30 Bloodlines
53:03 Elite Obuch
55:21 Bodkin Arrow
JOHN CHIMPO6346
8:49 Loom
11:06 Feudal Age
13:32 Double-Bit Axe
13:33 Horse Collar
20:57 Castle Age
22:47 Fishing Lines
24:18 Wheelbarrow
24:04 Bow Saw
23:56 Heavy Plow
24:06 Gillnets
31:47 Caravan
32:35 Hand Cart
33:26 Fletching
33:48 Forging
33:39 Scale Mail Armor
33:45 Scale Barding Armor
33:41 Padded Archer Armor
34:52 Bodkin Arrow
35:33 Iron Casting
36:22 Town Watch
40:36 Ballistics
40:13 Murder Holes
43:51 Imperial Age
42:24 Gold Mining
42:25 Stone Mining
42:54 Chain Mail Armor
43:30 Masonry
45:30 Bloodlines
45:23 Husbandry
45:58 Elite Jarl
46:15 Gothikon
48:08 Two-Man Saw
48:12 Elite Varangian Guard
51:09 Blast Furnace
50:50 Plate Mail Armor
Winterz IceCold
0:41 Loom
11:44 Feudal Age
15:10 Double-Bit Axe
21:47 Gold Mining
25:00 Castle Age
25:32 Castle Age
25:19 Padded Archer Armor
25:12 Fletching
27:12 Squires
27:07 Arson
28:30 Bow Saw
33:46 Caravan
34:18 Coinage
39:40 Fortified Wall
39:41 Masonry
39:29 Murder Holes
41:01 Forging
40:52 Scale Mail Armor
45:33 Thumb Ring
46:28 Elite Skirmisher
MadKat189
1:25 Loom
9:37 Feudal Age
13:51 Wheelbarrow
16:17 Fletching
16:51 Double-Bit Axe
23:44 Castle Age
22:21 Horse Collar
23:41 Scale Barding Armor
26:06 Town Watch
34:02 Scale Mail Armor
48:51 Forging
50:48 Chain Mail Armor
Connection lost

Rejoining the realm…

Still unreachable

The connection could not be restored.

Session expired

The server has moved on; the page needs a fresh start.